 Dungeon Crawl Stone Soup version 0.28-a0-1213-g0243856f03 (webtiles) character file.

Game seed: 13556756800156349660

1895 blank1 the Cleaver (level 9, -4/84 HPs)
             Began as a Hill Orc Fighter on Dec 22, 2021.
             Was an Initiate of Gozag.
             Slain by a yak (6 damage)
             ... on level 7 of the Dungeon.
             The game lasted 00:08:04 (5584 turns).

blank1 the Cleaver (Hill Orc Fighter)               Turns: 5584, Time: 00:08:05

Health: -4/84      AC:  9    Str: 21    XL:     9   Next: 15%
Magic:  18/18      EV: 15    Int:  8    God:    Gozag
Gold:   736        SH:  5    Dex: 12    Spells: 8/8 levels left

rFire   . . .      SeeInvis .   a - +0 war axe
rCold   . . .      Faith    .   c - +0 buckler
rNeg    . . .      Spirit   .   b - +0 scale mail
rPois   .          Reflect  .   (no helmet)
rElec   .          Harm     .   (no cloak)
rCorr   .          Rampage  .   k - +1 pair of gloves
Will    .....                   (no boots)
Stlth   ..........              y - amulet of the acrobat
HPRegen 0.24/turn               e - +4 ring of evasion
MPRegen 0.16/turn               l - ring of magical power

@: mighty, gold aura
A: no striking features
a: Renounce Religion, Potion Petition, Call Merchant, Bribe Branch


You were on level 7 of the Dungeon.
You worshipped Gozag.
Gozag was pleased with you.
You visited 1 branch of the dungeon, and saw 7 of its levels.

You collected 736 gold pieces.

Inventory:

Hand Weapons
 a - a +0 war axe (weapon)
Armour
 b - a +0 scale mail (worn)
 c - a +0 buckler (worn)
 k - a +1 pair of gloves (worn)
Jewellery
 e - a +4 ring of evasion (left hand)
 j - a ring of fire
 l - a ring of magical power (right hand)
 y - an amulet of the acrobat (around neck)
Wands
 s - a wand of iceblast (9)
 u - a wand of flame (13)
Scrolls
 g - 3 scrolls of teleportation {unknown}
 i - 5 scrolls of identify {unknown}
 m - 3 scrolls of summoning {unknown}
 n - 3 scrolls of enchant weapon {unknown}
 p - a scroll of fog {unknown}
 q - a scroll of acquirement {unknown}
 r - 2 scrolls of vulnerability {unknown}
 t - a scroll of immolation {unknown}
Potions
 d - 4 potions of might
 f - 3 potions of invisibility {unknown}
 h - 3 potions of curing {unknown}
 o - 2 potions of lignification {unknown}
 v - a potion of attraction {unknown}
 w - a potion of magic {unknown}
 x - a potion of haste {unknown}


   Skills:
 + Level 9.4 Fighting
 + Level 9.7 Axes
 - Level 5.0 Armour
 - Level 3.0 Dodging
 - Level 4.0 Shields


You had 8 spell levels left.
You didn't know any spells.
Your spell library contained the following spells:

 Spells                   Type           Power      Damage    Failure   Level
 Freezing Cloud           Conj/Ice/Air   0%         6-21      100%        5
 Simulacrum               Ice/Necr       0%         N/A       100%        6
 Polar Vortex             Ice            0%         N/A       100%        9


Dungeon Overview and Level Annotations

Branches:
Dungeon (8/15)
 Temple: D:4-7         Lair: D:8-11

Altars:
Gozag
Okawaru
Vehumet


Message History

The yak gores you but does no damage. The yak gores you.
* * * LOW HITPOINT WARNING * * *
The yak gores you!
* * * LOW HITPOINT WARNING * * *
Unknown command.
You slice the yak!!
You kill the yak!
You hit the yak. You slash the yak! You barely miss the yak.
The yak barely misses you. The yak completely misses you. The yak misses you.
Your Axes skill increases to level 9!
Unknown command.
Unknown command.
Okay, then.
You hit the yak.
You kill the yak!
You barely miss the yak. You hit the yak. You block the yak's attack. x2
Your Fighting skill increases to level 9!
You have reached level 9!
Your experience leads to an increase in your attributes!
Increase (S)trength, (I)ntelligence, or (D)exterity?
You feel agile. x2
You slice the yak!!
You kill the yak!
You barely miss the yak. The yak misses you.
Unknown command.
You slash the yak!
The yak is almost dead.
The yak closely misses you.
You closely miss the yak.
The yak is almost dead.
The yak gores you but does no damage.
Your scale mail prevents you from hitting the yak.
The yak is almost dead.
The yak gores you!
* * * LOW HITPOINT WARNING * * *
You completely miss the yak.
The yak is almost dead.
The yak gores you.
You die...
Your body crumbles into a pile of gold.

##..#........ #..##.........
###.....# .......
#.......##.......
####.).#....#........
##.#....#>............
#..##.###.#......).... #####
#......####.....##....
##...###...$@## ##.........
#.....##...$$Y## #......###
##..#.##..##....###.....##
##...#............#...#...#
#....#...#.#.....)...##........
#.......##.......######........
##.......#..#..................
#####.....###...##....#.......
#####.## #.....#...#..#####


You could see a yak.

Vanquished Creatures
  5 yaks (D:7)
  3 sky beasts (D:5)
  A necrophage (D:5)
  3 ogres
  A phantom (D:5)
  A scorpion (D:4)
  A water moccasin zombie (D:5)
  A water moccasin skeleton (D:5)
  3 hounds
  A bullfrog skeleton (D:4)
  An iguana (D:4)
  A hound skeleton (D:3)
  2 gnolls (D:3)
  6 adders
  A shadow imp (D:7)
  A worm (D:4)
  4 dart slugs
  7 ball pythons
  6 endoplasms
  2 giant cockroaches (D:1)
  11 hobgoblins
  6 jackals (D:1)
  2 quokkas
  8 bats
  2 frilled lizards (D:2)
  8 goblins
  9 kobolds
  5 rats
102 creatures vanquished.

Notes
Turn   | Place    | Note
-------+----------+-------------------------------------------
     0 | D:1      | blank1 the Hill Orc Fighter began the quest for the Orb.
     0 | D:1      | Reached XP level 1. HP: 19/19 MP: 1/1
    62 | D:1      | Found a faded altar of an unknown god.
   263 | D:1      | Reached XP level 2. HP: 27/27 MP: 2/2
   725 | D:1      | Reached XP level 3. HP: 33/33 MP: 3/3
  1069 | D:1      | Prayed at the altar of an unknown god.
  1069 | D:1      | Became a worshipper of Gozag Ym Sagoz the Greedy
  1271 | D:2      | Found an opulent altar of Gozag.
  1401 | D:2      | Reached skill level 1 in Dodging
  1960 | D:3      | Reached XP level 4. HP: 36/40 MP: 4/4
  2772 | D:3      | Found an iron altar of Okawaru.
  2781 | D:3      | Reached XP level 5. HP: 46/46 MP: 5/5
  2790 | D:3      | Reached skill level 5 in Axes
  3078 | D:4      | Noticed an ogre
  3100 | D:4      | Killed an ogre
  3101 | D:4      | Reached XP level 6. HP: 24/55 MP: 6/6
  3487 | D:4      | Reached skill level 5 in Fighting
  4190 | D:5      | Entered Level 5 of the Dungeon
  4190 | D:5      | Found a radiant altar of Vehumet.
  4210 | D:5      | Noticed a sky beast
  4221 | D:5      | Killed a sky beast
  4222 | D:5      | Reached XP level 7. HP: 63/63 MP: 7/7
  4636 | D:5      | Reached skill level 5 in Armour
  4873 | D:5      | Reached XP level 8. HP: 64/70 MP: 8/8
  5405 | D:5      | You fall into a shaft and drop 3 floors!
  5542 | D:7      | Noticed a yak
  5542 | D:7      | Noticed a yak
  5542 | D:7      | Noticed a yak
  5543 | D:7      | Noticed a yak
  5543 | D:7      | Noticed a yak
  5544 | D:7      | Noticed a yak
  5571 | D:7      | Killed a yak
  5572 | D:7      | Killed a yak
  5578 | D:7      | Killed a yak
  5579 | D:7      | Killed a yak
  5580 | D:7      | Reached XP level 9. HP: 11/83 MP: 9/9
  5583 | D:7      | HP: 1/84 [yak (11)]
  5584 | D:7      | Slain by a yak

Illustrated notes

Levels and vault maps discovered:
D:1:      lemuel_arrival_lava_pool, layout_loops_corners,
          ebering_ecumenical_altar_petrified,
          nicolae_concentric_dashed_squares_wild,
          hangedman_decor_clover_reticule
D:2:      layout_basic, basic_altar
D:3:      layout_loops_ring, okawaru_altar_gauntlet_db
D:4:      layout_loops_corners
D:5:      layout_loops_corners, vehumet_altar_wand_db, serial_glass,
          glass_columns_a, glass_columns_b, glass_columns_b, glass_columns_c,
          glass_columns_a, glass_columns_a, glass_columns_b, glass_columns_b,
          glass_columns_a, glass_columns_c
D:7:      layout_cave_pools, minmay_misc_feat_room
D:8:      layout_loops_ring, nrook_mini_vaults

Skill      XL: |  1  2  3  4  5  6  7  8 |
---------------+-------------------------+-----
Axes           | 3 4 5 7 9 |  9.7
Fighting       | 4 6 9 |  9.4
Dodging        | 1 3 |  3.0
Armour         | 4 5 |  5.0
Shields        | 4 |  4.0

Action                   |  1- 3 |  4- 6 |  7- 9 || total
-------------------------+-------+-------+-------++-------
Melee: War axe           |   114 |   178 |   101 ||   393
  Use: Potion            |       |       |     1 ||     1
Armor: Scale mail        |    51 |    46 |    29 ||   126
Dodge: Dodged            |    92 |   135 |    49 ||   276
Block: Buckler           |    22 |    37 |    13 ||    72

Table legend: (Time is in decaauts)
 A = Elapsed time spent in this place.
 B = Non-inter-level travel time spent in this place.
 C = Inter-level travel time spent in this place.
 D = Time resting spent in this place.
 E = Time spent auto-exploring this place.
 F = Levels seen in this place.
 G = Mean time per level.
                   A        B        C        D        E       F      G
               +--------+--------+--------+--------+--------+-----+--------+
         Total |   5679 |   5545 |    134 |    164 |   4369 |   7 |  811.3 |
       Dungeon |   5679 |   5545 |    134 |    164 |   4369 |   7 |  811.3 |
               +--------+--------+--------+--------+--------+-----+--------+

Top non-repeatable levels by time:
     D:5: 1227 daAuts
     D:4: 1189 daAuts
     D:1: 1125 daAuts
     D:3: 1112 daAuts
     D:2: 844 daAuts
     D:7: 173 daAuts
     D:8: 6 daAuts
